Map: Bel'Shir Vestige LE (Void)

Players

Pokebunny

  • Race: Zerg Zerg
  • League: Grandmaster
  • Spawn Location: 5:00

A.I. 1 (Very Easy) - Winner!

  • Race: Terran Terran
  • Spawn Location: 11:00

VOD

Have the link to the VOD?

Description

Time

  • Played on: Feb. 25, 2017, 8:57 p.m.
  • Length: 5:57
Show
View Real Time Build Order
Export as new Build Order

Pokebunny Zerg 

Build Orders: Hatch First 

Get SALT Encoding   

  12  0:01  Drone  
  13  0:12  Overlord  
  13  0:17  Drone  
  14  0:30  Drone x2  
  16  0:37  Drone  
  17  0:52  Hatchery  
  17  0:55  Drone  
  17  0:57  Extractor  
  17  0:59  Drone  
  17  1:13  Spawning Pool  
  17  1:16  Drone  
  17  1:19  Drone  
  18  1:28  Drone  
  19  1:41  Overlord  
  19  1:53  Drone  
  20  2:00  Metabolic Boost  
  20  2:01  Queen  
  20  2:03  Queen  
  20  2:05  Zergling x2  
  25  2:08  Zergling x2  
  25  2:13  Drone  
  25  2:15  Drone  
  28  2:21  Drone  
  29  2:27  Drone  
  30  2:34  Overlord  
  30  2:39  Queen  
  32  2:45  Drone  
  32  2:47  Drone  
  34  2:51  Drone  
  34  2:52  Lair  
  34  2:55  Drone  
  34  2:57  Overlord  
  36  3:04  Drone  
  37  3:11  Drone x4  
  41  3:14  Drone x2  
  41  3:15  Drone  
  44  3:23  Overlord  
  44  3:32  Extractor  
  44  3:33  Extractor x2  
  41  3:35  Drone  
  41  3:38  Drone x2  
  41  3:40  Drone  
  45  3:50  Drone  
  45  3:51  Drone x5  
  51  3:59  Spire  
  50  4:14  Zergling x2  
  50  4:15  Zergling x10  
  56  4:21  Baneling Nest  
  56  4:24  Hatchery  
  54  4:29  Drone x2  
  54  4:30  Drone  
  57  4:33  Drone  
  57  4:36  Overlord  
  57  4:38  Overlord  
  58  4:42  Overlord  
  58  5:03  Overlord  
  58  5:06  Queen  
  58  5:12  Mutalisk x2  
  58  5:13  Mutalisk x4  
  72  5:20  Mutalisk  
  74  5:22  Drone x5  
  74  5:27  Mutalisk  
  74  5:28  Drone  
  82  5:38  Drone x2  
  82  5:39  Drone  
  85  5:45  Extractor  
  85  5:46  Extractor  
Show
View Real Time Build Order
Export as new Build Order

A.I. 1 (Very Easy) Terran - Winner!

Build Orders:  

Get SALT Encoding   

  12  0:00  SCV  
  13  0:13  SCV  
  14  0:18  Supply Depot  
  14  0:37  Refinery  
  14  0:43  Barracks  
  14  1:03  Supply Depot  
  14  1:11  Refinery  
  14  1:29  Marine, SCV  
  16  1:41  SCV  
  17  1:53  SCV  
  18  2:02  Marine  
  18  2:06  SCV  
  20  2:18  SCV  
  21  2:30  SCV  
  21  2:35  Marine  
  23  2:43  Orbital Command  
  24  5:52  Supply Depot  
  24  5:55  Factory  
Tags
 
Add a new tag
Caveats
  • Supply blocks, unpowered buildings, or Contaminate may cause inaccurate times.
  • Supply counts are checked every 10 seconds.